 Dungeon Crawl Stone Soup version 0.22-a0-299-g43f9854 (webtiles) character file.

66 Saedqual the Poker (level 3, -2/29 HPs)
             Began as a Demonspawn Wanderer on Mar 25, 2018.
             Slain by a worm (8 damage)
             ... on level 3 of the Dungeon.
             The game lasted 00:03:31 (2295 turns).

Saedqual the Poker (Demonspawn Wanderer)            Turns: 2295, Time: 00:03:31

Health: -2/29      AC:  3    Str: 11 (12) XL:     3   Next: 96%
Magic:  3/3        EV: 11    Int: 14 (15) God:
Gold:   57         SH:  0    Dex:  8 (11) Spells: 2/2 levels left

rFire    . . .     SeeInvis .   c - +0 spear
rCold    + . .     Gourm    .   (no shield)
rNeg     . . .     Faith    .   a - +0 leather armour
rPois    .         Spirit   .   (no helmet)
rElec    .         Reflect  .   (no cloak)
rCorr    .         Harm     .   (no gloves)
MR       .....                  (no boots)
Stlth    +.........             (no amulet)
HPRegen  0.09/turn              (no ring)
MPRegen  0.08/turn              (no ring)

@: no status effects
A: cold resistance 1, rot immunity
a: no special abilities


You were on level 3 of the Dungeon.
You were not hungry.

You visited 1 branch of the dungeon, and saw 3 of its levels.

You collected 57 gold pieces.

Inventory:

Hand Weapons
 c - a +0 spear (weapon)
Missiles
 i - 2 throwing nets (quivered)
 l - 36 stones
Armour
 a - a +0 leather armour (worn)
 h - a +0 scale mail
Scrolls
 d - a scroll of teleportation
 e - a scroll of identify {unknown}
 g - a scroll of immolation {unknown}
 j - a scroll of noise {unknown}
 k - a scroll of fear {unknown}
Potions
 m - a potion of curing
Comestibles
 b - 2 chunks of flesh
 f - a ration


   Skills:
 - Level 3.0 Fighting
 + Level 3.9 Polearms
 - Level 1.0 Throwing
 - Level 1.7 Armour
 - Level 1.0 Dodging
 - Level 1.0 Stealth


You had 2 spell levels left.
You didn't know any spells.

Dungeon Overview and Level Annotations

Branches:
Dungeon (3/15)

Altars:
Fedhas

Annotations:
D:3 Natasha


Innate Abilities, Weirdness & Mutations

Your flesh is cold resistant. (rC+)
You are immune to rotting.


Message History

You hit the worm.
The worm is heavily wounded.
The worm bites you.
You barely miss the worm.
The worm is moderately wounded.
You hit the worm.
The worm is heavily wounded.
The worm bites you.
* * * LOW HITPOINT WARNING * * *
You hit the worm.
The worm is severely wounded.
You hit the worm but do no damage.
The worm is severely wounded.
The worm closely misses you.
You hit the worm.
The worm is almost dead.
You hit the worm but do no damage.
The worm is almost dead.
The worm bites you!
You die...

#w.####..##.###
#..##..........
#..##.#..##.###.
#..##.#.........
#..##....##.##.#
#.......†...#
#####....#.....#
#w#........#
#@########.#
#.####### .
#........
#########


You could see a worm.

Vanquished Creatures
  4 adders (D:2)
  A worm (D:3)
  A leopard gecko (D:3)
  A ball python (D:3)
  5 bats
  A giant cockroach (D:1)
  2 goblins
  3 hobgoblins
  A quokka (D:2)
  3 frilled lizards
  4 kobolds
  2 rats
28 creatures vanquished.

Notes
Turn   | Place    | Note
-------+----------+-------------------------------------------
     0 | D:1      | Saedqual the Demonspawn Wanderer began the quest for the Orb.
     0 | D:1      | Saedqual set off with: a +0 leather armour, 4 throwing nets, a +0 spear, a scroll of teleportation, a ration
     0 | D:1      | Reached XP level 1. HP: 18/18 MP: 1/1
   506 | D:1      | You fall through a shaft!
   520 | D:2      | Gained mutation: Your flesh is cold resistant. (rC+) [demonic ancestry]
   520 | D:2      | Reached XP level 2. HP: 12/24 MP: 2/2
   909 | D:2      | Found a blossoming altar of Fedhas.
   953 | D:2      | Gained mutation: You are immune to rotting. [demonic ancestry]
   953 | D:2      | Reached XP level 3. HP: 14/29 MP: 3/3
  2168 | D:3      | Noticed Natasha
  2295 | D:3      | Slain by a worm

Vault maps used:
D:1:      minmay_arrival_nine_rooms
D:2:      marbit_many_paths, fedhas_altar_1, first_ration, grunt_qazlal_clouds
D:3:      gammafunk_temple_overflow_wave, uniq_jessica, uniq_ijyb, uniq_natasha

Skill      XL: |  1  2 |
---------------+-------+-----
Polearms       | 2 3 |  3.9
Fighting       | |  3.0
Throwing       | |  1.0
Armour         | |  1.7
Dodging        | |  1.0
Stealth        | |  1.0

Action                   || total
-------------------------++-------
Melee: Spear             ||   152
Throw: Throwing net      ||     6
  Use: Potion            ||     4
       Scroll            ||     1
 Stab: Sleeping          ||     2
  Eat: Chunk             ||     4
Armor: Leather armour    ||    28
Dodge: Dodged            ||    91

Table legend:
 A = Spawn XP
 B = Non-spawn XP
 C = Spawn XP percentage of total XP
 D = Spawn monster count
 E = Non-spawn monster count
 F = Spawn count percentage of total count
 G = Total turns spent on level
                    A         B        C        D         E        F      G
               +---------+---------+-------+---------+---------+-------+---------
         Total |       0 |      95 |   0.0 |       0 |      28 |   0.0 |  2295
               +---------+---------+-------+---------+---------+-------+---------
           D:1 |       0 |      11 |   0.0 |       0 |       7 |   0.0 |   506
           D:2 |       0 |      68 |   0.0 |       0 |      13 |   0.0 |  1277
           D:3 |       0 |      16 |   0.0 |       0 |       8 |   0.0 |   512
               +---------+---------+-------+---------+---------+-------+---------
